 Dungeon Crawl Stone Soup version 0.28.0-43-g3370ac3207 (webtiles) character file.

Game seed: 2574001221691334690

94 croobank the Skirmisher (level 4, -7/41 HPs)
             Began as a Hill Orc Fighter on Mar 17, 2022.
             Killed from afar by a white imp (9 damage)
             ... with a puff of frost
             ... summoned by Natasha
             ... on level 3 of the Dungeon.
             The game lasted 00:05:44 (2147 turns).

croobank the Skirmisher (Hill Orc Fighter)          Turns: 2147, Time: 00:05:47

Health: -7/41      AC:  7    Str: 18    XL:     4   Next: 63%
Magic:  1/1        EV:  9    Int: 16    God:
Gold:   31         SH:  5    Dex: 16    Spells: 3/3 levels left

rFire   . . .      SeeInvis .   q - +11 whip "Tyciqyff" {antimagic, Stlth+}
rCold   . . .      Faith    .   c - +0 buckler
rNeg    . . .      Spirit   .   b - +0 scale mail
rPois   .          Reflect  .   (no helmet)
rElec   .          Harm     .   (no cloak)
rCorr   .          Rampage  .   (no gloves)
Will    .....                   (no boots)
Stlth   +.........              (no amulet)
HPRegen 0.13/turn               j - +6 ring of intelligence
MPRegen 0.07/turn               l - +6 ring of dexterity

@: mighty, brilliant, attractive, slowed, very slow
A: no striking features
a: no special abilities


You were on level 3 of the Dungeon.
You visited 1 branch of the dungeon, and saw 3 of its levels.

You collected 31 gold pieces.

Inventory:

Hand Weapons
 a - a +0 war axe
 q - the +11 whip "Tyciqyff" (weapon) {antimagic, Stlth+}
   (You found it on level 2 of the Dungeon)

   It reduces the magical energy of the wielder, and disrupts the spells and
   magical abilities of those it strikes.
   Natural abilities and divine invocations are not affected.
   Stlth:     It makes you more stealthy.
Missiles
 h - 20 arrows
 k - 49 stones
 n - 6 datura-tipped darts
 o - 6 javelins (quivered)
 p - a throwing net
Armour
 b - a +0 scale mail (worn)
 c - a +0 buckler (worn)
Jewellery
 i - a ring of ice
 j - a +6 ring of intelligence (left hand)
 l - a +6 ring of dexterity (right hand)
Scrolls
 m - 3 scrolls of teleportation {unknown}
 r - a scroll of fog {unknown}
 t - 2 scrolls of identify {unknown}
Potions
 e - a potion of brilliance
 g - a potion of mutation {unknown}
 s - a potion of curing {unknown}


   Skills:
 - Level 4.3 Fighting
 - Level 3.6(3.9) Axes
 + Level 1.3(2.4) Maces & Flails
 - Level 3.9 Armour
 - Level 3.9 Shields


You had 3 spell levels left.
You didn't know any spells.
Your spell library contained the following spells:

 Spells                   Type           Power      Damage    Failure   Level
 Ensorcelled Hibernation  Hex/Ice        0%         N/A       83%         2
 Passwall                 Tmut/Erth      0%         N/A       83%         2
 Swiftness                Air            0%         N/A       96%         3


Dungeon Overview and Level Annotations

Branches:
Dungeon (3/15)

Altars:

Annotations:
D:3 Natasha


Message History

You kill the ball python!
Natasha claws you but does no damage.
You closely miss Natasha. Natasha claws you. Natasha casts a spell at you.
The magic dart hits you. Natasha casts a spell at you. The magic dart hits you.
Natasha closely misses you.
You closely miss Natasha. Natasha misses you.
The gnoll hits you from afar with a +0 vampiric spear.
Natasha casts a spell.
Found 18 gold pieces.
Natasha extends her claws.
The shadow imp gestures at you. Pain shoots through your body!
* * * LOW HITPOINT WARNING * * *
Okay, then.
It was a potion of brilliance.
You feel clever all of a sudden. The shadow imp misses you.
Natasha mumbles some strange words.
The shadow imp hits you but does no damage.
You feel very mighty all of a sudden. The white imp gestures at you.
The puff of frost hits you.
* * * LOW HITPOINT WARNING * * *
You block the shadow imp's attack.
You whack the shadow imp!
The shadow imp's magic leaks into the air.
The shadow imp is almost dead.
Natasha mumbles some strange words.
The shadow imp shouts, "Scamper home, thou villainous wibble-sucking blabberskite!"
The shadow imp hits you but does no damage.
It was a potion of attraction.
You feel attractive to monsters. The shadow imp barely misses you.
The white imp hits you but does no damage.
The white imp gestures at you. The puff of frost hits you!
You die...

#.......### .#
#..........#.######
#.......##.........
#.......##.......g.
#.......##.........
#.......##.........
#.$.....##.........
#..5@......<.......
######5#######......(.
......5h..hg.g....>....
######.###########...##
#. ...# .....# #. ..#
..$..# #. .# .J...# #.
.# .....# #.


You could see Natasha, 2 white imps and a shadow imp (summoned, magic
disrupted).

Vanquished Creatures
  4 gnolls (D:2)
  3 dart slugs
  4 ball pythons
  4 bats
  2 endoplasms (D:1)
  10 goblins
  5 hobgoblins
  6 kobolds
  3 quokkas
  A frilled lizard (D:1)
  4 rats
46 creatures vanquished.

Notes
Turn   | Place    | Note
-------+----------+-------------------------------------------
     0 | D:1      | croobank the Hill Orc Fighter began the quest for the Orb.
     0 | D:1      | Reached XP level 1. HP: 19/19 MP: 1/1
   244 | D:1      | Reached XP level 2. HP: 27/27 MP: 2/2
   531 | D:1      | Reached skill level 4 in Fighting
   701 | D:1      | Reached XP level 3. HP: 33/33 MP: 3/3
   971 | D:2      | Reached XP level 4. HP: 21/40 MP: 4/4
  1136 | D:2      | Found a faded altar of an unknown god.
  1249 | D:2      | Identified the +11 whip "Tyciqyff" {antimagic, Stlth+}
  1653 | D:2      | Reached skill level 1 in Maces & Flails
  2093 | D:3      | Noticed a phantom
  2129 | D:3      | Noticed Natasha
  2145 | D:3      | HP: 2/41 [white imp/puff of frost[Natasha] (6)]
  2147 | D:3      | Killed from afar by a white imp

Illustrated notes

Levels and vault maps discovered:
D:1:      minmay_arrival_diagonal_passages, layout_loops_ring,
          skrybe_limestone_x, glass_columns_b, minivault_25
D:2:      kennysheep_the_goblin_king, layout_basic, basic_ecumenical_altar,
          minivault_23
D:3:      layout_basic, kennysheep_cluttered_room, uniq_terence, uniq_natasha,
          uniq_robin

Skill      XL: |  1  2  3  4 |
---------------+-------------+-----
Axes           | 3 |  3.6
Fighting       | 4 |  4.3
Maces & Flails | 1 |  1.3
Armour         | |  3.9
Shields        | |  3.9

Action                   |  1- 3 |  4- 6 || total
-------------------------+-------+-------++-------
Melee: War axe           |    56 |    19 ||    75
       Whip              |       |    27 ||    27
Throw: Javelin           |     5 |       ||     5
  Use: Potion            |       |     3 ||     3
Armor: Scale mail        |    23 |    20 ||    43
Dodge: Dodged            |    28 |    15 ||    43
Block: Buckler           |    13 |     9 ||    22
